Map: Línea Aguablanca EE

Players

HollyBullet

  • Race: Terran Terran
  • League: Silver
  • Spawn Location: 7:00

sigfried

  • Race: Protoss Protoss
  • Spawn Location: 6:00

kaiseriron

  • Race: Terran Terran
  • Spawn Location: 7:00

MrFercho - Winner!

  • Race: Zerg Zerg
  • League: Gold
  • Spawn Location: 1:00

tigro - Winner!

  • Race: Terran Terran
  • League: Bronze
  • Spawn Location: 1:00

TATORREA - Winner!

  • Race: Protoss Protoss
  • League: Gold
  • Spawn Location: 12:00

VOD

Have the link to the VOD?

Description

Time

  • Played on: Aug. 20, 2020, 10:42 p.m.
  • Length: 23:43
Show
View Real Time Build Order
Export as new Build Order

HollyBullet Terran 

Build Orders:  

Get SALT Encoding   

  12  0:00  SCV  
  13  0:14  Supply Depot  
  13  0:17  SCV  
  14  0:31  SCV  
  14  0:35  Refinery  
  15  0:44  Barracks  
  15  0:50  Refinery  
  15  0:53  SCV  
  16  1:05  SCV  
  17  1:17  SCV  
  18  1:33  SCV  
  18  1:36  Marine  
  18  1:37  Factory  
  20  1:45  SCV  
  21  1:58  Marine  
  22  2:02  SCV  
  23  2:25  Command Center  
  23  2:36  Supply Depot  
  23  2:41  Barracks Tech Lab  
  23  2:49  Factory Tech Lab  
  23  2:50  Barracks  
  23  2:59  Orbital Command  
  23  3:12  Siege Tank  
  26  3:19  Marine  
  27  3:34  SCV  
  28  3:39  Supply Depot  
  28  3:40  Barracks Reactor  
  28  3:43  Marauder  
  28  3:46  SCV  
  31  3:52  Siege Tank  
  34  3:58  SCV  
  35  4:03  Refinery, SCV  
  36  4:10  SCV  
  37  4:19  Marine x2  
  37  4:21  Marauder  
  37  4:22  SCV  
  42  4:30  Starport  
  42  4:37  Marine x2  
  44  4:43  Marauder  
  46  4:50  SCV  
  48  4:54  Orbital Command  
  47  5:02  Stimpack  
  47  5:04  Marauder  
  47  5:05  SCV  
  50  5:08  Marine  
  51  5:20  Marine  
  52  5:23  Supply Depot  
  52  5:25  Marauder  
  52  5:26  Starport Reactor  
  54  5:44  Marine  
  54  5:45  Siege Tank  
  47  6:17  Siege Tank  
  50  6:21  Orbital Command  
  50  6:47  SCV  
  51  6:54  Marine x3  
  51  6:55  Siege Tank  
  51  6:57  Medivac x2  
  51  6:59  SCV  
  62  7:09  Supply Depot  
  62  7:11  SCV  
  62  7:12  Marine x2  
  65  7:17  Marine  
  66  7:23  SCV  
  66  7:27  Medivac  
  69  7:30  Medivac, Marine x2, Siege Tank  
  69  7:34  Starport  
  69  7:36  SCV  
  77  7:48  SCV  
  78  8:02  SCV  
  78  8:08  Marauder  
  71  8:30  Marauder  
  73  8:40  Marine  
  73  8:41  Marine  
  73  8:43  Siege Tank  
  73  8:44  Viking  
  78  8:50  Marine  
  78  8:54  Viking  
  77  8:58  Marine  
  78  9:15  Supply Depot  
  78  9:20  Starport Tech Lab  
  78  9:32  Supply Depot  
  78  9:36  Viking x2, Marine  
  78  9:37  Marauder, SCV  
  86  9:40  Supply Depot  
  86  9:53  Raven, Marine, Siege Tank, SCV  
  86  9:54  Marine  
  86  9:55  Supply Depot  
  94  10:02  Marauder  
  94  10:06  Viking, Supply Depot, SCV  
  99  10:18  Supply Depot, SCV  
  100  10:23  Marauder  
  100  10:25  Viking  
  100  10:26  Siege Tank  
  107  10:30  Supply Depot, SCV  
  108  10:36  Viking  
  108  10:42  SCV  
  111  10:45  Marauder  
  111  10:47  Refinery  
  113  10:54  SCV  
  114  11:06  Marine x2, SCV  
  118  11:18  SCV  
  118  11:24  Marine x2  
  120  11:30  SCV  
  121  11:42  Marine, SCV  
  123  11:56  Command Center  
  123  12:01  Siege Tank  
  126  12:02  Starport  
  126  12:04  Viking x3  
  132  12:34  Viking  
  134  13:03  Armory  
  134  13:04  Armory  
  134  13:07  Viking x2, Banshee  
  140  13:57  Engineering Bay  
  135  15:07  Banshee  
  115  15:29  Marine x3  
  115  15:31  Siege Tank  
  115  15:33  Viking x2  
  125  15:47  Marine x2  
  127  15:50  Banshee  
  130  16:03  Siege Tank  
  133  16:20  Command Center  
  133  16:30  Marine  
  134  16:37  Command Center  
  134  17:19  Marine x3  
  134  17:20  Viking x2  
  134  17:21  Siege Tank  
  132  17:24  Banshee  
  134  17:39  Marauder  
  133  17:50  Viking x2  
  137  18:01  Marauder  
  136  18:07  Banshee  
  135  18:22  Marauder  
  134  18:39  SCV  
  120  18:50  Banshee  
  120  18:51  SCV  
  119  19:03  SCV  
  119  19:08  Refinery  
  120  19:12  Siege Tank  
  120  19:14  Viking x2  
  120  19:15  SCV  
  128  19:18  Starport Tech Lab  
  128  19:27  SCV  
  129  19:32  Marine x3, Banshee  
  135  19:39  SCV  
  135  19:44  Siege Tank  
  136  19:50  Marine x3  
  136  19:51  SCV  
  113  20:08  Marauder, Marine x2  
  102  20:15  Banshee  
  102  20:19  Refinery  
  105  20:24  Viking x3  
  105  20:25  Marine  
  105  20:26  Marine  
  113  20:30  Marauder  
  109  20:43  Marine x2  
  111  20:51  Marauder  
  111  20:54  Viking  
  104  20:58  Banshee  
  104  21:01  Marine x2  
  67  21:12  Marine  
  58  21:30  Marine  
  59  21:41  Banshee  
  43  21:58  Viking x3  
  32  22:01  Marine x2  
  32  22:02  Marine  
  25  22:19  Marine x3  
  25  22:24  Viking  
  25  22:28  Viking x3  
  22  22:37  Marine x3  
Show
View Real Time Build Order
Export as new Build Order

sigfried Protoss 

Build Orders: Carriers 

Get SALT Encoding   

  12  0:02  Probe  
  13  0:14  Probe  
  14  0:24  Pylon  
  14  0:26  Probe  
  15  1:01  Forge, Probe  
  16  1:06  Assimilator  
  16  1:11  Gateway  
  16  1:16  Pylon  
  15  1:43  Pylon  
  15  1:45  Probe (Chrono Boost)  
  16  2:01  Nexus  
  16  2:11  Photon Cannon  
  16  2:16  Photon Cannon  
  16  2:26  Photon Cannon  
  16  2:39  Photon Cannon  
  16  2:44  Probe  
  17  2:57  Photon Cannon  
  17  3:04  Assimilator  
  17  3:12  Cybernetics Core  
  17  3:25  Pylon  
  18  3:28  Probe (Chrono Boost)  
  18  3:37  Probe  
  19  3:46  Gateway  
  19  3:48  Probe  
  20  3:49  Probe  
  21  4:00  Probe  
  21  4:01  Probe  
  23  4:13  Probe  
  24  4:20  Stargate  
  24  4:26  Probe  
  24  4:29  Pylon  
  25  4:31  Assimilator  
  25  4:46  Zealot  
  25  4:48  Zealot  
  30  5:00  Probe  
  30  5:12  Probe  
  30  5:13  Warp Gate, Zealot  
  33  5:16  Zealot  
  35  5:24  Probe  
  35  5:25  Probe  
  37  5:34  Fleet Beacon  
  37  5:36  Probe  
  37  5:37  Probe  
  35  5:48  Probe  
  36  5:53  Photon Cannon  
  30  6:17  Pylon  
  26  6:24  Probe  
  24  6:36  Probe  
  24  6:37  Protoss Shields Level 1  
  25  6:49  Probe  
  25  6:50  Photon Cannon  
  26  7:01  Probe  
  27  7:13  Probe  
  28  7:16  Stargate  
  28  7:22  Photon Cannon  
  28  7:24  Photon Cannon  
  28  7:25  Probe  
  29  7:32  Photon Cannon  
  29  7:37  Photon Cannon  
  29  7:39  Probe  
  30  7:51  Probe  
  31  7:59  Carrier  
  31  8:01  Stargate  
  31  8:03  Probe  
  38  8:10  Probe  
  39  8:15  Probe  
  40  8:22  Probe  
  41  8:33  Stargate  
  42  8:34  Probe (Chrono Boost)  
  42  8:37  Photon Cannon  
  42  8:44  Photon Cannon  
  42  8:48  Carrier  
  49  8:52  Probe (Chrono Boost)  
  49  9:07  Pylon  
  49  9:15  Photon Cannon  
  49  9:23  Photon Cannon  
  49  9:28  Photon Cannon  
  49  9:30  Photon Cannon  
  49  9:33  Photon Cannon  
  49  9:38  Pylon  
  49  9:50  Photon Cannon  
  49  9:58  Carrier  
  55  10:08  Photon Cannon  
  55  10:11  Photon Cannon  
  55  10:18  Photon Cannon  
  55  10:37  Twilight Council  
  55  10:49  Carrier  
  61  10:52  Protoss Air Armor Level 1  
  61  11:06  Carrier  
  67  11:25  Nexus  
  67  11:34  Pylon  
  67  12:02  Pylon  
  67  12:04  Carrier  
  73  12:09  Carrier  
  79  12:22  Photon Cannon  
  79  12:44  Photon Cannon  
  79  12:46  Assimilator, Carrier  
  85  12:54  Probe  
  86  13:00  Protoss Air Weapons Level 1  
  86  13:05  Photon Cannon  
  86  13:06  Probe  
  86  13:12  Photon Cannon  
  87  13:18  Probe  
  87  13:19  Photon Cannon  
  82  13:30  Probe  
  67  14:16  Carrier  
  73  14:17  Carrier  
  73  14:20  Carrier  
  85  14:48  Carrier  
  85  14:50  Photon Cannon  
  67  15:25  Carrier  
  67  15:28  Carrier  
  73  15:56  Photon Cannon  
  73  15:59  Photon Cannon  
  73  16:01  Photon Cannon  
  73  16:04  Photon Cannon  
  73  16:09  Photon Cannon  
  73  16:11  Photon Cannon  
  73  16:17  Pylon  
  73  16:34  Carrier  
  73  16:38  Carrier  
  85  16:53  Assimilator  
  67  18:01  Assimilator  
  43  18:36  Carrier x3  
  43  18:37  Carrier  
  61  19:05  Pylon  
  61  19:14  Photon Cannon  
  61  19:33  Photon Cannon  
  61  19:35  Photon Cannon  
  61  19:39  Photon Cannon  
  61  19:43  Photon Cannon  
  61  19:44  Carrier  
  67  19:46  Carrier  
  67  19:49  Carrier  
  79  19:58  Photon Cannon  
  79  20:06  Photon Cannon  
  79  20:14  Pylon  
  78  21:10  Pylon  
Show
View Real Time Build Order
Export as new Build Order

kaiseriron Terran 

Build Orders:  

Get SALT Encoding   

  12  0:00  SCV  
  13  0:12  SCV  
  14  0:24  Supply Depot  
  14  0:25  SCV  
  15  0:37  Refinery  
  15  0:46  SCV  
  16  0:53  Barracks  
  16  0:58  SCV  
  17  1:10  SCV  
  18  1:22  SCV  
  19  1:26  Refinery  
  19  1:34  SCV  
  19  1:35  Supply Depot  
  20  1:40  Marine  
  20  1:46  SCV  
  22  1:49  Bunker  
  22  1:58  Marine, SCV  
  24  2:11  SCV  
  24  2:13  Factory  
  25  2:16  Marine  
  26  2:23  SCV  
  26  2:24  Bunker  
  27  2:34  Marine  
  28  2:52  Marine  
  29  3:01  Factory Tech Lab  
  29  3:03  Starport  
  29  3:09  Marine  
  30  3:17  Supply Depot  
  30  3:27  Marine  
  31  3:39  Siege Tank  
  34  3:41  Supply Depot  
  34  3:45  Marine  
  35  3:51  Starport Tech Lab  
  35  3:57  Starport  
  35  4:03  Marine  
  35  4:05  Supply Depot  
  36  4:11  Siege Tank  
  36  4:12  Supply Depot  
  39  4:21  Marine  
  40  4:36  Supply Depot  
  40  4:42  Starport Tech Lab  
  40  4:43  Siege Tank  
  43  4:50  Fusion Core  
  43  4:55  Engineering Bay  
  43  5:19  Supply Depot  
  43  5:42  Supply Depot  
  43  6:14  Marine  
  44  6:22  Battlecruiser  
  50  6:32  Marine  
  50  6:50  Marine  
  51  7:01  Command Center  
  51  7:07  Battlecruiser  
  57  7:16  Missile Turret  
  57  7:20  Marine  
  58  7:26  Battlecruiser  
  64  7:33  Armory  
  64  7:37  Missile Turret  
  64  7:38  Marine  
  64  7:43  Missile Turret  
  65  7:56  Marine  
  66  8:14  Marine  
  67  8:34  Barracks  
  61  9:11  Battlecruiser  
  61  9:12  Battlecruiser  
  73  9:28  SCV  
  74  9:33  Marine  
  75  9:39  Bunker  
  75  9:41  SCV  
  76  9:51  Marine  
  77  9:53  SCV  
  77  9:55  Terran Vehicle Weapons Level 1  
  77  9:57  Supply Depot  
  78  10:05  SCV  
  79  10:08  Marine  
  80  10:17  SCV  
  81  10:23  Battlecruiser  
  81  10:26  Marine  
  81  10:28  Refinery  
  88  10:33  Refinery  
  88  10:44  Marine  
  88  10:49  Missile Turret  
  89  10:59  Starport  
  89  11:08  SCV  
  90  11:11  Missile Turret  
  90  11:20  SCV  
  91  11:31  Battlecruiser  
  91  11:32  SCV  
  98  11:37  Starport  
  97  11:44  SCV  
  98  11:50  Missile Turret  
  98  11:56  SCV  
  99  12:04  Missile Turret  
  99  12:07  Missile Turret  
  99  12:19  Starport Tech Lab  
  99  12:20  Starport Tech Lab  
  99  12:29  Missile Turret  
  100  12:30  SCV  
  100  12:42  SCV  
  101  12:48  Terran Vehicle Weapons Level 2  
  101  12:54  SCV  
  102  13:14  Supply Depot  
  102  13:36  Battlecruiser, SCV  
  102  13:38  Supply Depot  
  61  14:41  Battlecruiser  
  61  14:42  Battlecruiser  
  73  15:04  Terran Ship Weapons Level 1  
  70  15:46  Battlecruiser  
  70  15:47  Battlecruiser  
  82  16:16  Refinery  
  82  16:21  Factory  
  82  16:27  Barracks  
  82  17:16  Marine  
  82  17:19  Factory Tech Lab  
  77  17:34  Marine  
  63  17:52  Marine  
  64  18:10  Marine  
  65  18:13  Siege Tank  
  65  18:28  Marine  
  66  18:34  Refinery  
  66  18:45  Marine, Siege Tank  
  70  19:03  Marine  
  71  19:17  Siege Tank  
  71  19:22  Supply Depot  
  74  19:45  Supply Depot  
  16  20:41  Barracks Reactor  
  16  21:16  Marine  
  16  21:17  Marine  
  11  21:26  Viking  
  11  21:34  Marine x2  
  13  21:52  Marine x2  
  15  22:10  Marine x2  
  14  22:22  Viking  
  16  22:24  Viking  
  16  22:28  Marine x2  
  8  22:45  Marine  
Show
View Real Time Build Order
Export as new Build Order

MrFercho Zerg - Winner!

Build Orders: Hatch First, Lurkers 

Get SALT Encoding   

  12  0:00  Drone  
  13  0:13  Overlord  
  13  0:17  Drone  
  14  0:31  Drone x2  
  16  0:52  Hatchery  
  16  0:56  Drone x2  
  17  1:00  Drone  
  18  1:10  Extractor  
  17  1:16  Spawning Pool  
  16  1:19  Drone  
  16  1:22  Drone  
  18  1:35  Drone  
  19  1:50  Drone  
  19  1:51  Overlord  
  20  2:04  Queen  
  20  2:05  Queen  
  20  2:06  Zergling x2  
  20  2:07  Zergling x2  
  26  2:16  Drone x2  
  28  2:30  Drone x2  
  28  2:35  Drone  
  31  2:42  Lair  
  31  2:45  Queen  
  31  2:46  Drone x2  
  35  2:55  Drone  
  36  3:07  Overlord x3  
  36  3:23  Roach Warren  
  36  3:24  Drone  
  36  3:25  Drone x4  
  36  3:26  Evolution Chamber  
  39  3:32  Overlord  
  39  3:33  Drone  
  40  3:39  Drone x2  
  42  3:43  Drone  
  43  3:48  Burrow  
  43  3:53  Zerg Missile Weapons Level 1  
  43  3:54  Drone x3  
  46  3:59  Extractor, Drone  
  46  4:00  Drone  
  46  4:01  Extractor  
  46  4:03  Glial Reconstitution  
  46  4:05  Drone  
  46  4:07  Drone  
  48  4:28  Roach x2  
  48  4:30  Hatchery  
  51  4:47  Roach x4  
  59  4:57  Drone  
  59  4:58  Drone  
  61  5:02  Drone  
  61  5:03  Extractor  
  61  5:04  Overlord, Drone x3  
  64  5:11  Overseer  
  64  5:23  Roach x2  
  64  5:24  Roach x4  
  76  5:34  Tunneling Claws  
  76  5:40  Overlord x2  
  76  5:41  Overlord  
  76  5:59  Roach x3  
  76  6:00  Roach x3  
  88  6:07  Zerg Missile Weapons Level 2  
  88  6:08  Hatchery  
  87  6:14  Drone  
  87  6:15  Evolution Chamber  
  87  6:19  Drone x9  
  96  6:35  Queen  
  98  6:41  Drone  
  98  6:43  Roach  
  98  6:44  Roach x2  
  98  6:46  Overlord x5  
  105  7:02  Ravager  
  105  7:04  Ravager x8  
  105  7:06  Roach  
  105  7:07  Roach  
  105  7:08  Overlord x2  
  118  7:12  Drone x3  
  118  7:13  Drone x6  
  127  7:16  Extractor  
  127  7:17  Extractor  
  127  7:22  Roach x3  
  131  7:44  Roach x12  
  155  7:56  Ravager  
  155  7:57  Ravager  
  143  8:14  Roach x9  
  86  9:06  Drone x2  
  86  9:07  Drone x2  
  86  9:08  Drone x2  
  92  9:17  Infestation Pit  
  92  9:19  Hatchery, Spire  
  92  9:22  Hydralisk Den  
  88  9:33  Spore Crawler  
  88  9:35  Spore Crawler  
  86  9:39  Spore Crawler  
  86  9:42  Spore Crawler  
  86  9:43  Spore Crawler  
  83  9:48  Overseer  
  83  9:53  Muscular Augments  
  83  9:55  Hive  
  83  10:01  Drone  
  83  10:02  Lurker Den  
  83  10:06  Pneumatized Carapace  
  83  10:12  Zerg Ground Armor Level 1  
  83  10:13  Zerg Melee Weapons Level 1  
  83  10:26  Drone x2  
  85  10:29  Drone x8  
  85  10:30  Drone x9  
  85  10:34  Hydralisk x2  
  85  10:35  Hydralisk x9  
  120  10:36  Overlord x2  
  120  10:37  Overlord  
  120  10:41  Metabolic Boost  
  124  10:48  Evolution Chamber  
  123  10:52  Queen  
  123  10:55  Extractor  
  124  10:58  Extractor  
  124  11:03  Corruptor x4  
  131  11:04  Grooved Spines  
  131  11:14  Greater Spire  
  131  11:24  Seismic Spines  
  131  11:44  Drone x3  
  131  11:45  Drone x5  
  139  11:47  Drone  
  139  11:49  Drone x3  
  139  11:50  Drone  
  139  11:53  Spore Crawler  
  143  11:57  Spine Crawler  
  142  12:03  Hydralisk x13, Spine Crawler x2  
  166  12:16  Adrenal Glands  
  166  12:18  Hatchery x2  
  166  12:21  Adaptive Talons  
  166  12:22  Corruptor x2  
  164  12:29  Zerg Flyer Weapons Level 1  
  168  12:34  Brood Lord  
  170  12:57  Lurker x3  
  170  12:58  Lurker  
  174  13:02  Extractor  
  174  13:04  Extractor  
  172  13:06  Brood Lord x2  
  176  13:25  Hatchery  
  175  13:47  Corruptor x4  
  175  13:48  Corruptor  
  185  13:50  Zergling x24  
  185  13:51  Zergling x6  
  198  14:08  Roach x9  
  133  15:08  Hydralisk  
  133  15:09  Hydralisk x24  
  133  15:10  Hydralisk x12  
  164  15:47  Zergling x20  
  164  15:48  Zergling x16  
  179  15:56  Baneling Nest  
  178  16:01  Drone  
  178  16:02  Drone x3  
  178  16:03  Drone x4  
  186  16:09  Lurker x9  
  186  16:10  Lurker x5  
  200  16:19  Overlord x2  
  200  16:20  Overlord  
  200  16:28  Overseer  
  200  16:29  Overseer  
  200  16:39  Zerg Flyer Weapons Level 2  
  200  16:50  Spore Crawler  
  199  16:55  Spine Crawler  
  199  16:57  Drone x3, Spine Crawler  
  199  17:00  Spine Crawler  
  196  17:15  Corruptor  
  141  17:46  Hydralisk  
  141  17:47  Corruptor x18  
  160  18:06  Spore Crawler  
  159  18:13  Spore Crawler  
  159  18:14  Corruptor x7  
  159  18:17  Zergling x8  
  176  18:20  Centrifical Hooks  
  176  18:40  Brood Lord x2  
  182  18:41  Brood Lord  
  182  18:49  Brood Lord  
  184  19:30  Extractor, Hatchery  
  152  20:28  Brood Lord x3  
  158  20:30  Corruptor x11  
  158  20:31  Corruptor x2  
  158  20:33  Zergling x2  
  158  20:34  Zergling x30  
  200  20:42  Extractor  
  199  21:02  Hatchery  
  199  21:04  Extractor x2  
  192  23:15  Zergling x16  
Show
View Real Time Build Order
Export as new Build Order

tigro Terran - Winner!

Build Orders:  

Get SALT Encoding   

  12  0:15  SCV  
  13  0:24  Supply Depot  
  13  0:27  SCV  
  14  0:39  SCV  
  15  0:47  Supply Depot  
  15  0:52  Barracks  
  15  0:57  Refinery  
  15  1:21  SCV  
  16  1:33  SCV, Refinery  
  17  1:41  Marine  
  17  1:45  SCV  
  19  1:57  SCV  
  19  1:59  Marine  
  21  2:10  SCV  
  22  2:17  Marine  
  22  2:19  Factory  
  22  2:22  SCV  
  24  2:32  Engineering Bay  
  24  2:34  Marine, SCV  
  26  2:52  Marine  
  26  2:53  SCV  
  28  3:01  Terran Infantry Weapons Level 1  
  28  3:07  Factory Tech Lab  
  28  3:14  Starport  
  28  3:27  Missile Turret  
  28  3:36  Siege Tank  
  31  3:43  Barracks Tech Lab  
  31  3:48  Missile Turret  
  31  4:02  Orbital Command  
  31  4:20  Supply Depot  
  31  4:27  Missile Turret  
  31  4:36  Medivac, Siege Tank  
  36  4:47  Missile Turret  
  36  5:11  Command Center  
  36  5:17  Refinery  
  36  5:25  Starport Tech Lab  
  36  5:26  Combat Shield  
  36  5:30  Terran Infantry Armor Level 1  
  36  6:04  Marine  
  36  6:09  Cyclone  
  40  6:22  Marine  
  40  6:24  Refinery  
  40  6:25  Armory  
  41  6:40  Marine  
  41  6:41  Cyclone  
  41  6:45  Stimpack  
  45  6:58  Marine  
  46  7:13  Cyclone  
  49  7:15  Fusion Core  
  49  7:16  Marine  
  50  7:24  Neosteel Armor  
  50  7:33  Marine  
  39  7:45  Cyclone  
  39  7:51  Marine  
  42  8:09  Marine  
  43  8:27  Marine  
  36  8:41  Medivac  
  36  8:45  Marine  
  36  8:47  Weapon Refit  
  35  8:56  SCV  
  36  9:02  Marine  
  36  9:08  SCV  
  38  9:11  Battlecruiser  
  44  9:17  Hi-Sec Auto Tracking  
  44  9:20  SCV  
  45  9:32  SCV  
  46  9:44  SCV  
  47  9:47  Terran Vehicle Weapons Level 1  
  47  9:56  SCV  
  48  10:08  SCV  
  49  10:14  Terran Infantry Weapons Level 2, Marine  
  49  10:20  SCV  
  51  10:27  Rapid Reignition System  
  51  10:32  Marine, SCV  
  53  10:41  Missile Turret  
  53  10:45  SCV  
  54  10:50  Supply Depot, Marine  
  56  10:57  SCV  
  56  11:01  Missile Turret  
  56  11:08  Marine  
  56  11:09  SCV  
  58  11:22  Missile Turret  
  58  11:26  Marine  
  59  11:41  Terran Vehicle And Ship Armor Level 1  
  59  11:45  Missile Turret  
  53  11:47  Command Center  
  53  11:57  Marine  
  53  11:59  Thor  
  60  12:06  Missile Turret  
  60  12:08  Battlecruiser  
  66  12:11  SCV  
  66  12:15  Marine  
  68  12:23  SCV  
  69  12:30  Terran Infantry Armor Level 2  
  69  12:33  Marine, Refinery  
  69  12:35  SCV  
  71  12:42  Thor  
  77  12:47  SCV  
  78  12:59  Marine, SCV  
  78  13:01  Refinery  
  80  13:06  Planetary Fortress  
  80  13:16  Marine  
  81  13:36  Terran Ship Weapons Level 1  
  54  14:16  Marine  
  55  14:19  Battlecruiser  
  61  14:25  Thor  
  67  14:34  Marine  
  68  14:43  SCV  
  69  14:51  Marine  
  70  14:55  SCV  
  71  15:08  Thor  
  71  15:09  Marine  
  78  15:23  Battlecruiser  
  78  15:27  Marine  
  85  15:29  Terran Vehicle Weapons Level 2  
  85  15:50  Thor  
  91  16:27  Medivac  
  91  16:30  Marine  
  94  16:35  Thor  
  100  16:46  Terran Infantry Weapons Level 3  
  100  16:48  Marine  
  101  17:05  Missile Turret  
  101  17:25  Missile Turret  
  101  17:37  Thor  
  101  17:42  Battlecruiser  
  101  17:45  Terran Vehicle And Ship Armor Level 2  
  101  17:46  Missile Turret  
  101  18:08  Missile Turret  
  101  18:13  Supply Depot  
  101  18:24  Thor, Marine  
  97  18:30  Missile Turret  
  85  18:35  Supply Depot  
  67  18:42  Marine  
  67  18:47  Battlecruiser  
  74  18:50  Missile Turret  
  74  19:00  Barracks, Marine  
  75  19:07  Thor  
  81  19:11  Missile Turret  
  81  19:18  Marine  
  81  19:23  Terran Infantry Armor Level 3  
  82  19:31  Missile Turret  
  82  19:36  Marine  
  82  19:37  Command Center  
  83  19:49  Barracks Reactor  
  83  19:50  Thor  
  83  19:51  Battlecruiser  
  95  19:53  Marine  
  95  19:54  Missile Turret  
  96  20:01  Terran Ship Weapons Level 2  
  96  20:11  Marine  
  97  20:26  Marine x2  
  99  20:29  Marine  
  99  20:33  Thor  
  106  20:38  Refinery  
  106  20:44  Marine x2  
  106  20:47  Marine  
  109  20:52  Refinery  
  109  20:55  Battlecruiser  
  110  21:02  Marine x2  
  100  21:05  Marine  
  83  21:16  Thor  
  89  21:19  Marine  
  89  21:20  Marine  
  83  21:31  Marine  
  78  21:37  Marine  
  78  21:38  Marine  
  80  21:49  Marine  
  81  21:55  Marine x2  
  81  21:59  Medivac, Thor  
  91  22:07  Marine  
  92  22:13  Marine x2  
  94  22:25  Marine  
  94  22:29  Battlecruiser  
  101  22:31  Marine x2  
  103  22:41  Thor  
  103  22:43  Marine  
  110  22:49  Marine x2  
  112  23:00  Marine  
Show
View Real Time Build Order
Export as new Build Order

TATORREA Protoss - Winner!

Build Orders:  

Get SALT Encoding   

  12  0:02  Probe  
  13  0:14  Probe  
  14  0:25  Pylon  
  14  0:27  Probe  
  15  0:43  Probe  
  16  0:51  Gateway  
  16  0:55  Probe  
  17  1:08  Probe  
  18  1:19  Gateway  
  18  1:20  Probe (Chrono Boost)  
  19  1:30  Assimilator  
  19  1:32  Probe (Chrono Boost)  
  20  1:39  Probe (Chrono Boost)  
  21  1:47  Pylon  
  21  1:50  Probe  
  22  2:05  Assimilator  
  22  2:07  Pylon  
  22  2:13  Cybernetics Core  
  21  2:16  Probe  
  22  2:27  Gateway  
  22  2:28  Probe  
  23  2:58  Warp Gate  
  23  2:59  Stalker, Twilight Council  
  23  3:02  Adept  
  27  3:19  Adept  
  29  3:31  Adept  
  29  3:33  Adept  
  33  3:34  Resonating Glaives (Chrono Boost)  
  33  3:49  Adept  
  35  4:04  Nexus  
  35  4:05  Pylon  
  35  4:44  Pylon  
  35  4:47  Adept x3  
  41  5:02  Blink  
  41  5:08  Stalker  
  41  5:09  Stalker  
  41  5:10  Stalker  
  41  5:13  Probe  
  48  5:16  Probe  
  49  5:25  Probe  
  49  5:28  Probe  
  39  6:11  Probe x2  
  39  6:23  Probe x2  
  41  6:35  Probe x2  
  41  6:40  Stalker x3  
  47  6:47  Probe x2  
  47  6:51  Stargate  
  47  6:52  Stargate  
  49  6:54  Stargate  
  49  6:59  Assimilator, Probe x2  
  51  7:03  Assimilator  
  51  7:11  Probe x2  
  53  7:16  Nexus  
  53  7:18  Pylon  
  53  7:20  Pylon  
  53  7:22  Charge  
  53  7:23  Probe  
  53  7:24  Probe  
  55  7:35  Probe  
  55  7:36  Probe  
  57  7:37  Gateway  
  57  7:44  Void Ray  
  57  7:48  Void Ray, Probe x2  
  67  7:59  Protoss Air Weapons Level 1, Void Ray  
  71  8:17  Robotics Facility  
  71  8:23  Pylon  
  71  8:25  Pylon  
  71  8:29  Probe  
  71  8:30  Probe  
  71  8:32  Pylon, Probe  
  71  8:33  Pylon  
  74  8:37  Pylon  
  74  8:41  Probe  
  74  8:42  Probe  
  74  8:43  Pylon  
  74  8:44  Probe  
  77  8:53  Probe  
  77  8:54  Probe  
  79  8:56  Probe  
  79  9:02  Fleet Beacon  
  80  9:06  Probe x2, Observer  
  80  9:08  Probe  
  84  9:12  Assimilator  
  84  9:16  Assimilator  
  84  9:18  Probe x2  
  84  9:20  Probe  
  87  9:30  Probe x2  
  89  9:32  Probe  
  90  9:39  Nexus  
  90  9:42  Pylon  
  90  9:45  Pylon  
  90  9:46  Probe x3  
  93  9:55  Unknown  
  93  9:58  Probe x3  
  96  10:02  Templar Archives  
  96  10:08  Gateway  
  96  10:10  Gateway  
  96  10:14  Gateway  
  96  10:20  Gateway, Probe x3  
  99  10:21  Void Ray  
  99  10:24  Gateway  
  99  10:25  Void Ray  
  103  10:30  Gateway  
  103  10:32  Probe  
  103  10:33  Probe x2  
  103  10:34  Void Ray  
  110  10:42  Gateway  
  114  10:45  Protoss Air Weapons Level 2 (Chrono Boost)  
  114  10:48  Assimilator  
  115  10:50  Probe x3  
  115  10:51  Assimilator  
  117  10:58  Void Ray  
  117  11:02  Void Ray, Probe x2  
  119  11:11  Void Ray  
  131  11:35  Void Ray  
  131  11:38  Stalker  
  131  11:39  Stalker x3, Void Ray  
  139  11:40  Stalker  
  139  11:42  Stalker  
  139  11:43  Nexus  
  139  11:44  Stalker, Pylon  
  139  11:46  Pylon  
  153  11:48  Void Ray  
  153  11:49  High Templar x3  
  153  11:50  High Templar  
  153  11:53  Archon  
  153  11:54  Archon  
  161  11:56  Psionic Storm  
  165  12:11  Forge  
  165  12:12  Forge  
  165  12:14  Forge  
  165  12:20  High Templar x4  
  165  12:22  Zealot x3  
  177  12:23  Zealot x4  
  177  12:27  Archon  
  177  12:28  Void Ray x2 (Chrono Boost), Archon  
  195  12:50  Void Ray (Chrono Boost)  
  199  12:58  Pylon  
  199  13:00  Pylon  
  122  13:35  Protoss Air Weapons Level 3  
  92  13:44  Protoss Ground Armor Level 1 (Chrono Boost), Stalker x2, Protoss Ground Weapons Level 1 (Chrono Boost), Protoss Shields Level 1 (Chrono Boost)  
  92  13:45  Stalker x5  
  92  13:46  Stalker x3  
  92  13:47  Stalker  
  114  14:12  Stalker x5  
  114  14:13  Stalker x4  
  114  14:14  Stalker x2  
  136  14:34  Gateway  
  136  14:37  Gateway  
  136  14:40  Gateway  
  136  14:42  Gateway  
  136  14:45  High Templar  
  136  14:46  Gateway, High Templar x4  
  136  14:47  High Templar x2  
  136  14:49  Gateway  
  136  14:51  Gateway  
  136  14:52  Stalker x2  
  154  14:54  Gateway, Archon  
  154  14:55  Archon x2  
  154  14:56  Gateway  
  154  15:02  Gateway  
  154  15:07  Gateway  
  154  15:09  Gateway  
  154  15:13  Assimilator  
  154  15:15  Assimilator  
  154  15:18  Gateway  
  154  15:20  Gateway  
  154  15:22  Gateway  
  154  15:23  Stalker x2  
  154  15:24  Stalker x4  
  154  15:25  Gateway, Stalker x2  
  154  15:26  Stalker x2  
  154  15:27  Stalker  
  176  15:36  Observer  
  176  15:38  Stalker x3  
  176  15:39  Stalker  
  185  15:44  Stalker  
  185  15:45  Stalker  
  185  15:48  Stalker x2  
  185  15:49  Stalker x3, Protoss Ground Weapons Level 2 (Chrono Boost)  
  199  16:03  Protoss Shields Level 2 (Chrono Boost)  
  199  16:10  Protoss Ground Armor Level 2 (Chrono Boost)  
  188  17:17  Nexus  
  188  17:18  Pylon  
  188  17:19  Pylon  
  166  17:33  Stalker x3  
  166  17:34  Stalker x3  
  166  17:35  Stalker x5  
  166  17:36  Stalker x3  
  192  17:37  Stalker x2  
  192  17:38  Stalker x2  
  138  18:15  Stalker x2  
  138  18:16  Stalker x3  
  138  18:17  Stalker x3  
  138  18:18  Stalker x3  
  138  18:19  Stalker  
  130  18:20  Stalker x4  
  130  18:21  Stalker x2  
  130  18:22  Stalker x2  
  130  18:23  Stalker x3  
  130  18:24  Stalker x2  
  130  18:25  Stalker  
  130  18:26  Stalker  
  88  18:59  Stalker x3  
  88  19:00  Stalker x3  
  88  19:01  Stalker x2  
  88  19:02  Stalker x4  
  104  19:03  Stalker x4  
  104  19:04  Stalker x3  
  104  19:05  Stalker x3  
  104  19:06  Stalker  
  104  19:07  Stalker x2  
  104  19:09  Stalker  
  132  19:11  Stalker  
  134  19:36  Protoss Ground Weapons Level 3 (Chrono Boost), Protoss Shields Level 3 (Chrono Boost), Protoss Ground Armor Level 3 (Chrono Boost)  
  134  19:38  Observer  
  135  19:48  Zealot x2  
  135  19:49  Zealot x4  
  135  19:50  Zealot x4  
  135  19:51  Zealot  
  157  19:52  Zealot  
  159  20:17  Zealot x2  
  159  20:18  High Templar x3  
  159  20:19  High Templar x2  
  159  20:21  High Templar  
  175  20:22  Zealot x2  
  175  20:23  Zealot x3  
  175  20:24  Zealot x3  
  175  20:26  Archon x2  
  175  20:27  Archon  
  175  20:28  Assimilator  
  191  20:29  Zealot  
  191  20:30  Zealot x2  
  191  20:32  Zealot  
  191  20:33  Assimilator  
  180  21:18  Stalker x3  
  176  21:19  Stalker x4  
  176  21:20  Stalker x5  
  176  21:21  Stalker  
  160  22:02  Stalker x2  
  160  22:03  Stalker x3  
  160  22:04  Stalker x4  
  160  22:05  Stalker x3  
  160  22:06  Stalker x2  
  160  22:07  Stalker x4  
  160  22:08  Stalker x2  
  200  22:12  Zealot  
Tags
 
Add a new tag
Caveats
  • Supply blocks, unpowered buildings, or Contaminate may cause inaccurate times.
  • Supply counts are checked every 10 seconds.